 Dungeon Crawl Stone Soup version 0.31-a0-702-gf82c85558f (webtiles) character file.

Game seed: 10920606473160205761

8 Essalna the Conjurer (level 2, 19/19 HPs)
             Began as a Demonspawn Conjurer on Sept 8, 2023.
             Got out of the dungeon alive.
             The game lasted 00:00:35 (208 turns).

Essalna the Conjurer (Demonspawn Conjurer)           Turns: 208, Time: 00:00:35

Health: 19/19      AC:  2    Str:  7    XL:     2   Next: 0%
Magic:  4/5        EV: 12    Int: 19    God:
Gold:   0          SH:  0    Dex: 11    Spells: 4/5 levels left

rFire   . . .        c - +0 war axe
rCold   . . .        (no shield)
rNeg    . . .        a - +0 robe
rPois   .            (helmet restricted)
rElec   .            (no cloak)
rCorr   .            (no gloves)
SInv    .            (no boots)
Will    .....        (no amulet)
Stlth   ++           (no ring)
HPRegen 0.23/turn    (no ring)
MPRegen 0.09/turn

%: no passive effects
@: no status effects
A: horns 1
a: no special abilities


You escaped.
You visited 1 branch of the dungeon, and saw 1 of its levels.

Inventory:

Hand Weapons
 c - a +0 war axe (weapon)
Armour
 a - a +0 robe (worn)
Potions
 b - a potion of magic


   Skills:
 - Level 1.7 Dodging
 - Level 1.7 Stealth
 + Level 2.3 Spellcasting
 + Level 4.2 Conjurations


You had 4 spell levels left.
You knew the following spells:

 Your Spells              Type           Power      Damage    Failure   Level
a - Magic Dart            Conj           72%        1d6       3%          1

Your spell library contained the following spells:

 Spells                   Type           Power      Damage    Failure   Level
 Searing Ray              Conj           36%        2d5       4%          2
 Dazzling Flash           Conj/Hex       20%        N/A       21%         3
 Fulminant Prism          Conj/Hex       5%         3d7       56%         4
 Iskenderun's Mystic Bla  Conj/Tloc      10%        2d4       56%         4


Dungeon Overview and Level Annotations

Branches:
Dungeon (1/15)

Altars:


Innate Abilities, Weirdness & Mutations

You have a pair of small horns on your head.


Message History

Aiming: Magic Dart (safe; 3% risk of failure)
Press: ? - help, Shift-Dir - straight line, f - goblin
Aim: a goblin, wielding a +0 dagger (100% to hit)
The magic dart hits the goblin.
You kill the goblin!
Casting: Magic Dart (safe; 3% risk of failure)
Confirm with . or Enter, or press ? or * to list all spells.
Aiming: Magic Dart (safe; 3% risk of failure)
Press: ? - help, Shift-Dir - straight line, f - quokka
Aim: a quokka (100% to hit)
The magic dart hits the quokka but does no damage.
The quokka barely misses you.
Casting: Magic Dart (safe; 3% risk of failure)
Confirm with . or Enter, or press ? or * to list all spells.
You don't have enough magic to cast this spell.
Unknown command.
You miss the quokka. The quokka misses you. The quokka bites you.
* * * LOW HITPOINT WARNING * * *
You slash the quokka!
You kill the quokka!
The rat closely misses you.
You hit the rat but do no damage. The rat closely misses you.
You hit the rat.
You kill the rat!
HP restored.
A bat comes into view.
The magic dart hits the bat.
The bat is severely wounded.
The bat hits you but does no damage.
The magic dart hits the bat.
You kill the bat!
You have reached level 2!
Your demonic ancestry asserts itself...
A pair of horns grows on your head!
Things that are here:
a +0 dagger; a quokka corpse
There is a large open door here.
There is an open door here.
There is a staircase leading out of the dungeon here.
You have escaped!

####### #.....##
##''##..#
##8..8##.#
###..###.#
#÷'..'@#.#####
###..###.....##
#8....8##.....##
###..###.......#
#÷+..+÷#.......#
###..###.......#
#8....8##.....##
###..###.......#
#.......#


There were no monsters in sight!

Vanquished Creatures
  3 bats (D:1)
  A hobgoblin (D:1)
  A quokka (D:1)
  A goblin (D:1)
  2 rats (D:1)
8 creatures vanquished.

Notes
Turn   | Place    | Note
-------+----------+-------------------------------------------
     0 | D:1      | Essalna the Demonspawn Conjurer began the quest for the
                  | Orb.
     0 | D:1      | Reached XP level 1. HP: 13/13 MP: 3/3
   166 | D:1      | Gained mutation: You have a pair of small horns on your
                  | head. [demonic ancestry]
   166 | D:1      | Reached XP level 2. HP: 19/19 MP: 1/5
   208 | D:$      | Got out of the dungeon alive.

Illustrated notes

Levels and vault maps discovered:
D:1:      wander_arrival_abandoned_jail, layout_rooms, minmay_tetromino_o2

Action                     || total
---------------------------++-------
  Melee: War axe           ||     4
         Unarmed           ||     1
   Cast: Magic Dart        ||    10
 Armour: Robe              ||     7
  Dodge: Dodged            ||     9

Table legend: (Time is in decaauts)
 A = Elapsed time spent in this place.
 B = Non-inter-level travel time spent in this place.
 C = Inter-level travel time spent in this place.
 D = Time resting spent in this place.
 E = Time spent auto-exploring this place.
 F = Levels seen in this place.
 G = Mean time per level.
                   A        B        C        D        E       F      G
               +--------+--------+--------+--------+--------+-----+--------+
         Total |    209 |    168 |     41 |      0 |    130 |   1 |  209.0 |
       Dungeon |    209 |    168 |     41 |      0 |    130 |   1 |  209.0 |
               +--------+--------+--------+--------+--------+-----+--------+

Top non-repeatable levels by time:
     D:1: 209 daAuts
